 Dungeon Crawl Stone Soup version 0.32-a0-616-g9348d4545b (webtiles) character file.

Game seed: 369391573398328034

0 Sabo the Charlatan (level 1, -1/15 HPs)
             Began as a Coglin Artificer on Mar 5, 2024.
             Slain by a gnoll
             ... wielding a +0 club
              (6 damage)
             ... on level 1 of the Dungeon.
             The game lasted 00:00:09 (28 turns).

Sabo the Charlatan (Coglin Artificer)                 Turns: 28, Time: 00:00:09

Health: -1/15      AC:  3    Str: 12    XL:     1   Next: 10%
Magic:  1/1        EV: 11    Int: 10    God:
Gold:   0          SH:  0    Dex: 14    Spells: 0/0 levels left

rFire   . . .        a - +0 club {Theodoric}
rCold   . . .        f - +0 dagger {Juan}
rNeg    . . .        b - +0 leather armour
rPois   .            (no helmet)
rElec   .            (no cloak)
rCorr   .            (no gloves)
SInv    .            (no boots)
Will    .....        (amulet unavailable)
Stlth   +            (ring unavailable)
HPRegen 0.22/turn    (ring unavailable)
MPRegen 0.07/turn    (no gizmo)

%: no passive effects
@: revved
A: off-hand wielding, slow wielding, warmup strikes, no jewellery
a: Invent Gizmo


You were on level 1 of the Dungeon.
You visited 1 branch of the dungeon, and saw 1 of its levels.

Inventory:

Hand Weapons
 a - a +0 club (weapon) {Theodoric}
 f - a +0 dagger (offhand) {Juan}
Armour
 b - a +0 leather armour (worn)
Wands
 c - a wand of flame (15) (quivered)
 d - a wand of charming (15)
 e - a wand of iceblast (5)


   Skills:
 + Level 1.0 Fighting
 + Level 1.7 Armour
 + Level 0.8 Dodging
 + Level 0.7 Stealth
 + Level 4.0 Evocations


You couldn't memorise any spells.
You didn't know any spells.
Your spell library was empty.

Dungeon Overview and Level Annotations

Branches:
Dungeon (1/15)

Altars:


Innate Abilities, Weirdness & Mutations

You can wield a second weapon in your off-hand.
It takes a long time for you to wield or remove held weapons.
Your first few attacks do less damage.
You cannot equip rings or amulets.


Message History

The hobgoblin shouts!
You hit the rat but do no damage. You hit the rat with your +0 dagger.
The rat closely misses you.
You barely miss the rat with your +0 club.
The rat is moderately wounded.
You hit the rat but do no damage. The rat bites you.
You hit the rat with your +0 club.
The rat is severely wounded.
You hit the rat with your +0 dagger.
You kill the rat!
The kobold throws a stone.
The stone closely misses you.
You hit the gnoll with your +0 dagger.
The gnoll is moderately wounded.
You barely miss the gnoll with your +0 club.
The gnoll hits you with a +0 club.
You barely miss the gnoll with your +0 club.
The gnoll is moderately wounded.
You closely miss the gnoll with your +0 dagger.
The gnoll barely misses you.
You hit the gnoll but do no damage.
The gnoll is moderately wounded.
You closely miss the gnoll with your +0 club.
The gnoll barely misses you.
You hit the gnoll with your +0 club.
The gnoll is moderately wounded.
You hit the gnoll with your +0 dagger. The gnoll hits you with a +0 club. x2
* * * LOW HITPOINT WARNING * * *
You barely miss the gnoll with your +0 dagger.
The gnoll is severely wounded.
You hit the gnoll with your +0 club. The gnoll barely misses you.
You hit the gnoll but do no damage.
The gnoll is almost dead.
You barely miss the gnoll with your +0 club.
The gnoll barely misses you.
You hit the gnoll but do no damage.
The gnoll is almost dead.
You hit the gnoll with your +0 dagger.
A bat comes into view.
The gnoll hits you with a +0 club.
You die...

#. #.# #.# #.#
#.# #.# #
#.###.##...
####..@gK.b...
#.....##g.....
#.###.# ##.##
#.# #.# #.#
#.# ##.# ...
#..# ..#
#####'######
#.........#


You could see a gnoll, a hobgoblin, a bat (wandering) and a kobold.

Vanquished Creatures
  A rat (D:1)
1 creature vanquished.

Notes
Turn   | Place    | Note
-------+----------+-------------------------------------------
     0 | D:1      | Sabo the Coglin Artificer began the quest for the Orb.
     0 | D:1      | Reached XP level 1. HP: 15/15 MP: 1/1
    28 | D:1      | Slain by a gnoll

Illustrated notes

Levels and vault maps discovered:
D:1:      mushboom_english_gardens, layout_loops_ring, st_stairs_11

Action                     || total
---------------------------++-------
  Melee: Club              ||    10
         Dagger            ||    10
 Armour: Leather armour    ||     7
  Dodge: Dodged            ||     6

Table legend: (Time is in decaauts)
 A = Elapsed time spent in this place.
 B = Non-inter-level travel time spent in this place.
 C = Inter-level travel time spent in this place.
 D = Time resting spent in this place.
 E = Time spent auto-exploring this place.
 F = Levels seen in this place.
 G = Mean time per level.
                   A        B        C        D        E       F      G
               +--------+--------+--------+--------+--------+-----+--------+
         Total |     29 |     29 |      0 |      0 |      0 |   1 |   29.0 |
       Dungeon |     29 |     29 |      0 |      0 |      0 |   1 |   29.0 |
               +--------+--------+--------+--------+--------+-----+--------+

Top non-repeatable levels by time:
     D:1: 29 daAuts
